 Dungeon Crawl Stone Soup version 0.18.1-1-g2f07953 (webtiles) character file.

60 Eucla the Skirmisher (level 4, 0/49 HPs)
             Began as an Ogre Abyssal Knight on May 7, 2016.
             Was a Follower of Lugonu.
             Killed from afar by an orc wizard (11 damage)
             ... with a puff of flame
             ... on level 3 of the Dungeon.
             The game lasted 00:02:53 (1663 turns).

Eucla the Skirmisher (Ogre Abyssal Knight)          Turns: 1663, Time: 00:02:55

Health: 0/49       AC:  3    Str: 17    XL:     4   Next: 4%
Magic:  5/5        EV: 10    Int: 11    God:    Lugonu [*.....]
Gold:   121        SH:  0    Dex: 10    Spells: 0 memorised, 3 levels left

rFire  . . .     SeeInvis .     m - +0 flail
rCold  . . .     Gourm    .     b - +0 robe
rNeg   . . .     Faith    .     (no shield)
rPois  +         Spirit   .     (helmet restricted)
rElec  .         Dismiss  .     (no cloak)
rCorr  .         Reflect  .     (gloves unavailable)
SustAt .         Harm     .     (boots unavailable)
MR     .....                    (no amulet)
Stlth  +.........               (no ring)
                                f - ring of poison resistance

@: not resistant to hostile enchantments, very unstealthy
A: unfitting armour, tough skin 1
a: Depart the Abyss, Renounce Religion


You were on level 3 of the Dungeon.
You worshipped Lugonu.
Lugonu was aware of your devotion.
You were very hungry.

You visited 1 branch of the dungeon, and saw 3 of its levels.
You visited the Abyss 1 time.

You collected 121 gold pieces.

Inventory:

Hand Weapons
 a - a +1 mace
 m - a +0 flail (weapon)
Armour
 b - a +0 robe (worn)
Jewellery
 f - a ring of poison resistance (left hand)
 g - an uncursed ring of protection from magic {unknown}
Scrolls
 d - 2 scrolls of remove curse {unknown}
Potions
 e - a potion of mutation {unknown}
 h - 2 potions of ambrosia {unknown}
 j - a potion of beneficial mutation {unknown}
 k - 3 potions of degeneration {unknown}
 l - a potion of curing {unknown}
 n - a potion of heal wounds {unknown}
Comestibles
 c - 2 bread rations
 i - a meat ration


   Skills:
 + Level 4.6 Fighting
 * Level 4.5 Maces & Flails
 - Level 2.1 Dodging
 + Level 2.6 Invocations


You had 3 spell levels left.
You didn't know any spells.

Dungeon Overview and Level Annotations

Branches:
Dungeon (3/15)

Altars:
Cheibriados


Innate Abilities, Weirdness & Mutations

You are too large for most types of armour.
You have tough skin (AC +1).


Message History

You hit something but do no damage.
Something hits you but does no damage. x2
You closely miss something. Something hits you but does no damage.
You writhe in agony.
You barely miss something. Something hits you but does no damage.
You hear some strange, mumbled words.
A puff of flame appears from out of thin air!
The puff of flame hits you!
* * * LOW HITPOINT WARNING * * *
You closely miss something. Something hits you but does no damage.
You writhe in agony.
Something hits you.
* * * LOW HITPOINT WARNING * * *
You writhe in agony.
You barely miss something.
You hear some strange, mumbled words.
A puff of flame appears from out of thin air!
The puff of flame misses you.
You hear some strange, mumbled words.
A puff of flame appears from out of thin air!
The puff of flame hits you!
You die...

.# .# .#
.# .#
##.##
##...##
##.<...##
#..@....#
#..{....#
#.......#
##......#
##.....#
####.##
.# .#


There were no monsters in sight!

Vanquished Creatures
  An orc priest (D:2)
  A giant gecko (D:1)
  3 orcs (D:1)
  2 bats
  A giant cockroach (D:1)
  2 goblins
  2 hobgoblins
  4 jackals (D:2)
  A ball python (D:1)
  3 giant newts (D:1)
  6 kobolds
  A rat (D:2)
27 creatures vanquished.

Notes
Turn   | Place    | Note
--------------------------------------------------------------
     0 | Abyss:1  | Eucla the Ogre Abyssal Knight began the quest for the Orb.
     0 | Abyss:1  | Reached XP level 1. HP: 24/24 MP: 2/2
     4 | Abyss:1  | Found a radiant altar of Vehumet.
    24 | Abyss:1  | Noticed a snapping turtle zombie
    24 | Abyss:1  | Noticed a silent spectre
    41 | Abyss:2  | Noticed a fire bat
    41 | Abyss:2  | Noticed a fire bat
    41 | Abyss:2  | Noticed a fire bat
    41 | Abyss:2  | Noticed a fire bat
    42 | D:1      | Escaped the Abyss
   172 | D:1      | Reached XP level 2. HP: 17/32 MP: 3/3
   333 | D:1      | Reached * piety under Lugonu
   761 | D:2      | Found a faded altar to an unknown god.
   786 | D:2      | Reached XP level 3. HP: 28/40 MP: 4/4
   992 | D:2      | Found a snail-covered altar of Cheibriados.
  1307 | D:1      | HP: 1/40 [orc/whip (3)]
  1634 | D:2      | Reached XP level 4. HP: 29/49 MP: 5/5
  1663 | D:3      | Killed from afar by an orc wizard

Skill      XL: |  1  2  3 |
---------------+----------+-----
Maces & Flails | 3 4 |  4.5
Fighting       | |  4.6
Dodging        | |  2.1
Invocations    | |  2.6

Action                   |  1- 3 |  4- 6 || total
-------------------------+-------+-------++-------
Melee: Mace              |   100 |       ||   100
       Flail             |       |    11 ||    11
Invok: Depart the Abyss  |     1 |       ||     1
  Eat: Beef jerky        |     1 |       ||     1
Armor: Robe              |    35 |     5 ||    40
Dodge: Dodged            |    70 |     2 ||    72
